[Event "*** Titled Tuesday Blitz"]
[Site "Chess.com"]
[Date "2020.04.28"]
[Round "4"]
[White "mfwagnerpeixoto"]
[Black "blitzking1729"]
[Result "0-1"]
[WhiteElo "2195"]
[BlackElo "2565"]
[TimeControl "180+1"]
[EndTime "10:39:51 PDT"]
[Termination "blitzking1729 won by resignation"]

1. e4 d6 2. d4 Nf6 3. Nc3 e5 4. Nf3 Nbd7 5. Bc4 Be7 6. O-O O-O 7. a4 c6 8. h3 Qc7 9. Bb3 b6 10. Be3 Bb7 11. Nh4 Rfe8 12. Nf5 Bf8 13. dxe5 Nxe5 14.
Bg5 Nfd7 15. f4 Ng6 16. h4 Nc5 17. h5 Nxb3 18. hxg6 fxg6 19. cxb3 gxf5 20. exf5 d5 21. Qg4 Qf7 22. Rae1 Rxe1 23. Rxe1 Bc8 24. Re5 Bd6 25. Qe2 Bxe5 26. Qxe5 Bxf5 27. Qd6 Qd7 28. Qb4 d4 29. Nd1 c5 30. Qd2 Re8 31. Nf2 d3 32. g4 Re2 33.
Qc3 Rxf2 34. Kxf2 d2 35. Qf3 d1=Q 36. Qa8+ Qc8 0-1

[Event "*** Titled Tuesday Blitz"]
[Site "Chess.com"]
[Date "2020.04.28"]
[Round "4"]
[White "Kaua18"]
[Black "tamarozi99"]
[Result "1-0"]
[WhiteElo "2251"]
[BlackElo "1957"]
[TimeControl "180+1"]
[EndTime "10:39:51 PDT"]
[Termination "Kaua18 won by resignation"]

1. e4 c5 2. Nf3 Nc6 3. d4 cxd4 4. Nxd4 g6 5. c4 d6 6. Nc3 Nf6 7. Be2 Nxd4 8. Qxd4 Bg7 9. Be3 O-O 10. Qd2 Be6 11. O-O a5 12. b3 a4 13. Bd4 a3 14. Rad1 Qa5 15. f4 Rfc8 16. Bf3 Bd7 17. Rfe1 Rab8 18. e5 Ne8 19. exd6 exd6 20. Nd5 Qxd2 21. Ne7+ Kf8 22. Rxd2 Bxd4+ 23. Rxd4 Rc5 24. b4 Rc7 25. Nd5 Rc6 26. b5 Rc5 27. Re3 Be6 28. Rxa3 Bxd5 29.
Bxd5 Nf6 30. Bf3 Re8 31. h3 Re1+ 32. Kf2 Rc1 33. Bxb7 R1xc4 34. Rxc4 Rxc4 35. Rb3 Rxf4+ 36. Bf3 Rc4 37. b6 Rc8 38. b7 Rb8 39. a4 Ke7 40. a5 Kd7 41. a6 d5 42. a7 1-0

[Event "*** Titled Tuesday Blitz"]
[Site "Chess.com"]
[Date "2020.04.28"]
[Round "4"]
[White "Szparu"]
[Black "Trickov"]
[Result "1-0"]
[WhiteElo "2503"]
[BlackElo "2273"]
[TimeControl "180+1"]
[EndTime "10:39:53 PDT"]
[Termination "Szparu won by checkmate"]

1. e4 c5 2. Nf3 d6 3. d4 Nf6 4. Nc3 cxd4 5. Nxd4 a6 6. Bc4 e6 7. Bb3 b5 8. Bg5 Bb7 9. O-O Nc6 10. Re1 Nxd4 11.
Qxd4 Be7 12. Rad1 O-O 13. Bxf6 gxf6 14. Rd3 Kh8 15. Rh3 Rg8 16. Qe3 Rg6 17. Ne2 Qc7 18.
Nf4 Rg4 19. Rxh7+ Kxh7 20. Qh3+ Kg7 21. Qxg4+ Kf8 22. Bxe6 Qxc2 23. Bxf7 Kxf7 24. Qg6+ Kf8 25. Ne6# 1-0

[Event "*** Titled Tuesday Blitz"]
[Site "Chess.com"]
[Date "2020.04.28"]
[Round "4"]
[White "vpsetter"]
[Black "r31415"]
[Result "0-1"]
[WhiteElo "2588"]
[BlackElo "2357"]
[TimeControl "180+1"]
[EndTime "10:39:54 PDT"]
[Termination "r31415 won by resignation"]

1. e4 d6 2. d4 Nf6 3. Nc3 g6 4. f3 c6 5. Be3 b5 6. Qd2 Nbd7 7. h4 Nb6 8. b3 Bb7 9. g4 h5 10. g5 Nfd7 11. f4 Bg7 12. Nf3 a5 13. f5 gxf5 14.
exf5 b4 15. Ne2 c5 16. Bg2 c4 17. Nf4 c3 18. Qf2 a4 19. g6 Bf6 20. gxf7+ Kxf7 21.
Ng5+ Bxg5 22. hxg5 Bxg2 23. Qxg2 axb3 24. cxb3 Ra5 25. Qe4 Qa8 26. Qe6+ Ke8 27. O-O Nf8 28.
f6 Nxe6 29. Nxe6 Kd7 30. Rae1 Rxa2 31. Bf2 exf6 32. gxf6 Rg8+ 33. Ng7 Qf3 34. Re7+ Kc6 0-1

[Event "*** Titled Tuesday Blitz"]
[Site "Chess.com"]
[Date "2020.04.28"]
[Round "4"]
[White "Triumphmate"]
[Black "ChelsieMonica"]
[Result "1-0"]
[WhiteElo "2529"]
[BlackElo "2337"]
[TimeControl "180+1"]
[EndTime "10:39:54 PDT"]
[Termination "Triumphmate won by checkmate"]

1. e4 e5 2. Nf3 Nc6 3. Nc3 Nf6 4. Bb5 Nd4 5. Ba4 Nxf3+ 6. Qxf3 Be7 7. d3 O-O 8. Bg5 d6 9. h3 c6 10. O-O a5 11.
Bb3 h6 12. Bxf6 Bxf6 13. Qg3 Kh8 14. f4 exf4 15. Qxf4 Be5 16. Qf3 Bxc3 17. bxc3 a4 18.
Bxf7 Be6 19. Qh5 Ra5 20. Qg6 Bxh3 21. Bd5 cxd5 22. gxh3 dxe4 23. Qxe4 Re5 24. Qd4 Rfe8 25. Rf2 Qd7 26. Kh2 Rh5 27. h4 Qd8 28. Kh3 Qd7+ 29.
Kh2 Ree5 30. Rg1 Qe7 31. Rg4 g5 32. Qxa4 Kh7 33. Qc4 d5 34. Qd4 gxh4 35. Rgf4 Qd6 36. Kh1 Re7 37. Rf7+ Rxf7 38. Rxf7+ Kg6 39. Qg7# 1-0

[Event "*** Titled Tuesday Blitz"]
[Site "Chess.com"]
[Date "2020.04.28"]
[Round "4"]
[White "NFChess13"]
[Black "Kate1606"]
[Result "1-0"]
[WhiteElo "2392"]
[BlackElo "2026"]
[TimeControl "180+1"]
[EndTime "10:39:54 PDT"]
[Termination "NFChess13 won by resignation"]

1. e4 c5 2. Nf3 g6 3. d4 cxd4 4. Nxd4 Nc6 5. c4 Nf6 6. Nc3 d6 7. Be2 Nxd4 8. Qxd4 Bg7 9. Bg5 O-O 10. Qd2 Be6 11. Rc1 Qa5 12. b3 Rfc8 13. f3 a6 14. Kf2 b5 15. Nd5 Qxd2 16. Bxd2 Nxd5 17. cxd5 Bd7 18.
Ke3 Bb2 19. Rb1 Ba3 20. b4 Rc2 21. Bd1 Rxa2 22. Bb3 Rb2 23. Bc3 Rxb1 24. Rxb1 Rc8 25. Kd3 a5 26. bxa5 b4 27. Bd4 Bb5+ 28. Kd2 Bc1+ 29.
Rxc1 Ra8 30. Bb6 Kg7 31. Rc7 Kf6 32. Bd4+ e5 33. dxe6+ Kg5 34. exf7 1-0

[Event "*** Titled Tuesday Blitz"]
[Site "Chess.com"]
[Date "2020.04.28"]
[Round "4"]
[White "rpragchess"]
[Black "viktorskliarov"]
[Result "1-0"]
[WhiteElo "2821"]
[BlackElo "2655"]
[TimeControl "180+1"]
[EndTime "10:39:55 PDT"]
[Termination "rpragchess won by resignation"]

1. Nf3 g6 2. e4 c5 3. c3 Bg7 4. d4 cxd4 5. cxd4 d5 6. e5 Nh6 7. h3 O-O 8. Nc3 Nc6 9. Bb5 f6 10. O-O Nf7 11. Re1 a6 12. Bxc6 bxc6 13. Bf4 Bf5 14.
Rc1 Rc8 15. Na4 Be4 16. e6 Nd6 17. Nc5 Bxf3 18. Qxf3 Nf5 19. Qd3 Qa5 20. a3 Qb5 21. Qd2 Rfe8 22. b4 Nd6 23. Bxd6 exd6 24. Nb3 Re7 25. Qf4 Qb8 26. Na5 Qb6 27. Qxd6 Bf8 28. Rxc6 Rxc6 29. Nxc6 Re8 30. e7 Bh6 31. Qd7 1-0

[Event "*** Titled Tuesday Blitz"]
[Site "Chess.com"]
[Date "2020.04.28"]
[Round "4"]
[White "blobica"]
[Black "Durarbayli"]
[Result "0-1"]
[WhiteElo "2561"]
[BlackElo "2788"]
[TimeControl "180+1"]
[EndTime "10:39:55 PDT"]
[Termination "Durarbayli won by resignation"]

1. e4 c5 2. Nf3 d6 3. d4 cxd4 4. Qxd4 a6 5. c4 Nc6 6. Qd2 g6 7. Nc3 Bg7 8. Be2 Nf6 9. h3 O-O 10. O-O Be6 11. Rb1 Qa5 12. b3 b5 13. cxb5 axb5 14.
b4 Nxb4 15. e5 dxe5 16. Nxe5 Nxa2 17. Bb2 b4 18. Nxa2 Qxa2 19. Qxb4 Rab8 20. Qd4 Nd7 21. f4 Nxe5 22. fxe5 Rfd8 23. Qc3 Rdc8 24. Qd4 Rc2 25. Ba3 Rxb1 26. Qd8+ Bf8 27. Bxe7 Rxf1+ 28. Kh2 Rc8 0-1

[Event "*** Titled Tuesday Blitz"]
[Site "Chess.com"]
[Date "2020.04.28"]
[Round "4"]
[White "FMalexhdez"]
[Black "Vusatiuk_Vladimir"]
[Result "0-1"]
[WhiteElo "2119"]
[BlackElo "2338"]
[TimeControl "180+1"]
[EndTime "10:39:55 PDT"]
[Termination "Vusatiuk_Vladimir won by resignation"]

1. e4 c5 2. Nf3 Nc6 3. d4 cxd4 4.
Nxd4 e5 5. Nb5 d6 6. N1c3 a6 7. Na3 b5 8. Nd5 Nf6 9. Bg5 Be7 10. Bxf6 Bxf6 11. c3 Bg5 12. Nc2 O-O 13. Nce3 Rb8 14. h4 Bxe3 15. Nxe3 Be6 16. Be2 a5 17. h5 b4 18. h6 g6 19. c4 b3 20. axb3 Nd4 21.
Ra3 Qb6 22. O-O Nxb3 23. Bg4 Nc5 24. Bxe6 fxe6 25. Qg4 Rf4 26. Qg5 Nxe4 27. Qe7 Rf7 28. Qxe6 Nc5 29. Qd5 Rf8 30. Ng4 Kh8 31. Rg3 Nd7 32.
Ne3 Nf6 33. Qe6 Ne4 34. Rf3 Ng5 35. Rxf7 Nxe6 36. Nd5 Qd8 37. Re7 Nf4 38. Ra1 Nxd5 0-1

[Event "*** Titled Tuesday Blitz"]
[Site "Chess.com"]
[Date "2020.04.28"]
[Round "4"]
[White "Ariadna_Atreides"]
[Black "fridaywins"]
[Result "0-1"]
[WhiteElo "2027"]
[BlackElo "2240"]
[TimeControl "180+1"]
[EndTime "10:39:55 PDT"]
[Termination "fridaywins won by checkmate"]

1. d4 Nf6 2. Nf3 g6 3. c4 Bg7 4. Nc3 O-O 5. e4 d6 6. Be2 e5 7. d5 c5 8. Be3 Ng4 9. Bg5 f6 10. Bh4 Nh6 11. Qc2 Nf7 12. Nd2 h5 13. h3 Na6 14. a3 Nc7 15. g4 g5 16. Bg3 h4 17.
Bh2 Nh8 18. O-O Ng6 19. b4 Rf7 20. bxc5 dxc5 21. Rab1 Bf8 22. Rfd1 Bd6 23. Nf1 Nf4 24. Bxf4 exf4 25. Nh2 Be5 26. Nf3 Qd6 27. Bd3 Bd7 28. Rxb7 Be8 29. Rdb1 Re7 30. Nb5 Nxb5 31. Rxe7 Nd4 32.
Rxe8+ Rxe8 33. Nxd4 Bxd4 34. Qa4 Re7 35. Rb8+ Kg7 36. Qb5 f3 37. Re8 Qg3+ 38. Kh1 Qg2# 0-1

[Event "*** Titled Tuesday Blitz"]
[Site "Chess.com"]
[Date "2020.04.28"]
[Round "4"]
[White "Maybe00"]
[Black "MartinMatthiesen"]
[Result "1-0"]
[WhiteElo "2767"]
[BlackElo "2467"]
[TimeControl "180+1"]
[EndTime "10:39:56 PDT"]
[Termination "Maybe00 won by resignation"]

1. d4 d5 2. c4 c6 3. Nf3 Nf6 4. Nc3 e6 5. Bg5 dxc4 6. e4 b5 7. e5 h6 8. Bh4 g5 9. Nxg5 hxg5 10. Bxg5 Nbd7 11. exf6 Bb7 12. g3 Qb6 13. Bg2 O-O-O 14.
O-O c5 15. d5 b4 16. Rb1 Qa6 17. dxe6 Bxg2 18. e7 Bxf1 19. Kxf1 Bxe7 20. fxe7 Rdg8 21. Ne4 c3+ 22. Kg1 Rxg5 23. Nxg5 Qg6 24. bxc3 Qxg5 25. Qe2 Re8 26. Qa6+ Kb8 27. Qb5+ Kc7 28. cxb4 Rxe7 29. Qa5+ Kc8 30. Qa6+ Kc7 31. Qxa7+ Kc8 32. bxc5 Qd5 33.
Qa6+ Kc7 34. Qa7+ Kc8 35. h4 Qc6 36. Rb8+ Nxb8 37. Qxe7 f6 38. h5 Nd7 39. h6 Ne5 40. h7 Nf3+ 41. Kf1 Nh2+ 42. Ke1 Qf3 1-0

[Event "*** Titled Tuesday Blitz"]
[Site "Chess.com"]
[Date "2020.04.28"]
[Round "4"]
[White "Volodar_Murzin"]
[Black "Artem_Koval"]
[Result "0-1"]
[WhiteElo "2630"]
[BlackElo "2442"]
[TimeControl "180+1"]
[EndTime "10:39:57 PDT"]
[Termination "Artem_Koval won by checkmate"]

1. Nf3 d6 2. g3 e5 3. Bg2 Nc6 4. O-O Nf6 5. d3 Bg4 6. Nc3 Qd7 7. Bg5 Be7 8. Bxf6 Bxf6 9. Nd5 O-O-O 10. b4 Bh3 11. b5 Ne7 12. Nxe7+ Bxe7 13. a4 h5 14. a5 h4 15. Bh1 hxg3 16. fxg3 Bxf1 17. Qxf1 d5 18. Qf2 Qxb5 19. a6 Bc5 20. d4 exd4 21.
axb7+ Kxb7 22. Kg2 d3 23. Qe1 dxc2 24. Rc1 Qd7 25.
h4 f6 26. Rxc2 Bb6 27. Qa1 Rde8 28. Nd4 g5 29. Nc6 gxh4 30. Kf1 hxg3 31. Bf3 g2+ 32. Bxg2 Qf5+ 33. Ke1 Qxc2 34. Nb4 Qxe2# 0-1

[Event "*** Titled Tuesday Blitz"]
[Site "Chess.com"]
[Date "2020.04.28"]
[Round "4"]
[White "konradrutkowski"]
[Black "Matveev_Vladimir"]
[Result "0-1"]
[WhiteElo "2176"]
[BlackElo "2417"]
[TimeControl "180+1"]
[EndTime "10:39:57 PDT"]
[Termination "Matveev_Vladimir won by checkmate"]

1. e4 d6 2. d4 g6 3. Nc3 Bg7 4. Be3 a6 5. Qd2 b5 6. Bd3 Bb7 7. Nce2 Nf6 8. f3 Nbd7 9. Nh3 c5 10. c3 O-O 11. Nf2 cxd4 12. cxd4 e5 13. O-O d5 14.
exd5 Nxd5 15. Bh6 exd4 16. Bxg7 Kxg7 17. Be4 Qb6 18. Qxd4+ Qxd4 19. Nxd4 N7f6 20. Rfe1 Nxe4 21. Nxe4 Rad8 22. Nc5 Bc8 23. Rad1 Rfe8 24. Rxe8 Rxe8 25.
Kf2 Nb6 26. b3 Nd7 27. Ne4 Ne5 28. h3 Re7 29. Nd6 Bd7 30. f4 Nc6 31. Nf3 f6 32. g4 Be6 33. Rc1 Nb4 34. Kg3 Nxa2 35. Re1 Kf8 36. Nd4 Bd7 37. Ra1 Re3+ 38. Kh4 Rd3 39. Rxa2 Rxd4 40. Rxa6 Rxf4 41. Ra7 Ke7 42. Nxb5 Rf3 43.
Nd4 g5+ 44. Kh5 Rxh3# 0-1

[Event "*** Titled Tuesday Blitz"]
[Site "Chess.com"]
[Date "2020.04.28"]
[Round "4"]
[White "GM_Levan_Pantsulaia"]
[Black "michaelk123"]
[Result "1-0"]
[WhiteElo "2813"]
[BlackElo "2524"]
[TimeControl "180+1"]
[EndTime "10:39:58 PDT"]
[Termination "GM_Levan_Pantsulaia won by resignation"]

1. Nf3 Nf6 2. g3 g6 3. b3 Bg7 4. Bb2 O-O 5. Bg2 c5 6. c4 Nc6 7.
O-O d6 8. d4 cxd4 9. Nxd4 Be6 10. Nxe6 fxe6 11. Bh3 e5 12. Nc3 Qb6 13. e3 Kh8 14.
Bg2 Rac8 15. Qd2 a6 16. Rac1 Qa5 17. a3 Qb6 18. b4 Nd8 19. c5 dxc5 20. Na4 Qd6 21.
Qxd6 exd6 22. bxc5 dxc5 23. Nb6 Nf7 24. Nxc8 Rxc8 25.
Rc2 b5 26. Bb7 Rc7 27. Bxa6 Nd6 28. Bxe5 Nfe8 29. Rd1 Bxe5 30. Rd5 Ra7 31. Bxb5 Nxb5 32. Rxe5 Ned6 33. a4 Rxa4 34. Rcxc5 Rb4 35. Re7 Rc4 36.
Rd5 Rc6 37. g4 Kg8 38. h4 h6 39. h5 gxh5 40. Rxh5 Nf7 41. Rxb5 1-0

[Event "*** Titled Tuesday Blitz"]
[Site "Chess.com"]
[Date "2020.04.28"]
[Round "4"]
[White "giantslayer83"]
[Black "Nastya_Rakhmangulova"]
[Result "1-0"]
[WhiteElo "2693"]
[BlackElo "2358"]
[TimeControl "180+1"]
[EndTime "10:39:58 PDT"]
[Termination "giantslayer83 won on time"]

1. d4 d5 2. c4 c6 3. Nf3 Nf6 4.
e3 Bf5 5. Nc3 e6 6. Nh4 Be4 7.
f3 Bg6 8. Qb3 Qc7 9. Bd2 Be7 10.
g3 Bh5 11. Be2 Nbd7 12. cxd5 Nxd5 13. Ng2 Bd6 14. O-O Bg6 15. e4 Nxc3 16. bxc3 h5 17. Nf4 h4 18. Nxg6 fxg6 19. Qxe6+ Kf8 20. e5 Nxe5 21.
dxe5 Bxe5 22. Be3 b6 23. Rad1 Re8 24. Qxg6 hxg3 25. Bc4 Rxh2 26. Qf5+ Bf6 27. Rd7 Rxe3 28. Rxc7 1-0

[Event "*** Titled Tuesday Blitz"]
[Site "Chess.com"]
[Date "2020.04.28"]
[Round "4"]
[White "hamelekh"]
[Black "Anton_Demchenko"]
[Result "0-1"]
[WhiteElo "2692"]
[BlackElo "2855"]
[TimeControl "180+1"]
[EndTime "10:39:59 PDT"]
[Termination "Anton_Demchenko won by resignation"]

1. d4 Nf6 2. Nf3 d6 3. g3 g6 4.
Bg2 Bg7 5. O-O O-O 6. b3 a5 7. Bb2 a4 8. c4 axb3 9. axb3 Rxa1 10. Bxa1 Na6 11. Nc3 c6 12. Bb2 Bf5 13. Nd2 Qa5 14.
Qa1 Qb6 15. e4 Bc8 16. Na4 Qc7 17. Re1 Nb4 18. Qb1 e5 19. d5 Nd7 20. Ba3 c5 21. Nc3 Nb8 22. Nb5 Qe7 23. Nf1 N8a6 24. Ne3 f5 25. exf5 gxf5 26. f4 e4 27. Bf1 Nc7 28. Nxc7 Qxc7 29. Bb2 Bd4 30. Kh1 Qg7 31. Ba3 Bd7 32.
Nc2 Bc3 33. Rd1 Ra8 34. Bc1 h5 35. Nxb4 cxb4 36. Qc2 h4 37. Be2 hxg3 38. hxg3 Kf7 39. Kg2 Rg8 40. g4 Rh8 41. Rh1 Rxh1 42. Kxh1 Qh7+ 43.
Kg2 fxg4 44. Qd1 Qh3+ 45. Kg1 g3 46. Bh5+ Ke7 0-1

[Event "*** Titled Tuesday Blitz"]
[Site "Chess.com"]
[Date "2020.04.28"]
[Round "4"]
[White "colegiodemadrid"]
[Black "Pittiplatsh"]
[Result "1-0"]
[WhiteElo "2296"]
[BlackElo "2446"]
[TimeControl "180+1"]
[EndTime "10:39:59 PDT"]
[Termination "colegiodemadrid won by resignation"]

1. e4 c5 2. Nf3 d6 3. d4 cxd4 4. Nxd4 Nf6 5. Nc3 a6 6. Qd3 Nc6 7. Bg5 e6 8. O-O-O Be7 9. f4 Qc7 10. Be2 O-O 11. h4 Bd7 12. Nxc6 Bxc6 13. g4 b5 14. Bxf6 Bxf6 15. Qxd6 Qb7 16. g5 Bxc3 17. bxc3 Bxe4 18. Rhg1 Rac8 19. Qd4 Qd5 20. Qxd5 Bxd5 21. Kb2 Rc5 22. Rg3 Rfc8 23. a3 g6 24. h5 Kf8 25.
Rd4 Ke7 26. Re3 R8c7 27. h6 Bc4 28. Bf3 Rd7 29. Be4 Rdc7 30. Bf3 f6 31. gxf6+ Kxf6 32. Rd6 a5 33. Bg4 Re7 34. Ra6 a4 35. Rb6 Bd5 36. Re5 Kf7 37. Bxe6+ 1-0

[Event "*** Titled Tuesday Blitz"]
[Site "Chess.com"]
[Date "2020.04.28"]
[Round "4"]
[White "Tall-guy"]
[Black "LuisFSiles"]
[Result "1-0"]
[WhiteElo "2118"]
[BlackElo "2296"]
[TimeControl "180+1"]
[EndTime "10:39:59 PDT"]
[Termination "Tall-guy won by checkmate"]

1. e4 e5 2. Nf3 Nc6 3. Bc4 Nf6 4. Ng5 d5 5. exd5 b5 6. Bf1 Nd4 7. c3 Nxd5 8. cxd4 Qxg5 9. Bxb5+ Kd8 10. O-O Bb7 11. Qf3 a6 12. Ba4 Kc8 13. d3 Qg6 14.
dxe5 Kb8 15. Qg3 Qf5 16. Nc3 h5 17. Nxd5 Bxd5 18. Qg5 Qxd3 19. Rd1 Qe4 20. Qd8+ Ka7 21. Qxd5 Qxa4 22. Be3+ c5 23. Bxc5+ Bxc5 24. Qxc5+ Kb7 25. Qe7+ Kb8 26. Rd8+ Rxd8 27. Qxd8+ Kb7 28. Qd5+ Ka7 29. Rc1 Rb8 30. Rc7+ Kb6 31. Qc5# 1-0

[Event "*** Titled Tuesday Blitz"]
[Site "Chess.com"]
[Date "2020.04.28"]
[Round "4"]
[White "keepitcool9499"]
[Black "ElHelvetico"]
[Result "0-1"]
[WhiteElo "2452"]
[BlackElo "2651"]
[TimeControl "180+1"]
[EndTime "10:40:01 PDT"]
[Termination "ElHelvetico won by resignation"]

1. d4 f5 2. c4 Nf6 3. Nc3 e6 4. g3 Bb4 5. Bg2 O-O 6. Bd2 d6 7. e3 Bxc3 8. Bxc3 Nbd7 9. Ne2 Qe7 10. Qb3 Kh8 11. O-O e5 12. dxe5 dxe5 13. Rad1 e4 14.
Nd4 Ne5 15. c5 c6 16. Bb4 Nd5 17. Ba3 a5 18. Qc2 Be6 19. Nxe6 Qxe6 20. Rd4 Qh6 21. Rfd1 Rad8 22. b3 Rde8 23. Rxd5 cxd5 24. c6 bxc6 25. Bxf8 Rxf8 26. Qc5 Re8 27. Qxa5 Qh5 28. Qd2 Nf3+ 29. Bxf3 exf3 30. h4 Re4 31. Qa5 h6 32. Qd8+ Kh7 33.
Rd4 Qg4 34. Rxe4 Qh3 0-1

[Event "*** Titled Tuesday Blitz"]
[Site "Chess.com"]
[Date "2020.04.28"]
[Round "4"]
[White "pheonixking2000"]
[Black "Barys1974"]
[Result "1-0"]
[WhiteElo "2814"]
[BlackElo "2637"]
[TimeControl "180+1"]
[EndTime "10:40:02 PDT"]
[Termination "pheonixking2000 won by resignation"]

1. c4 e5 2. g3 Nf6 3. Bg2 Bc5 4. Nf3 d6 5. Nc3 O-O 6. d4 exd4 7. Nxd4 a6 8. O-O Re8 9. b3 c6 10. Bb2 Bg4 11.
h3 Be6 12. Qd2 Nbd7 13. Rad1 d5 14. cxd5 cxd5 15. Nc2 Rc8 16. Kh2 Nf8 17. e4 dxe4 18.
Qxd8 Rcxd8 19. Rxd8 Rxd8 20. Nxe4 Nxe4 21. Bxe4 Rd2 22.
Kg2 Bd5 23. Bxd5 Rxd5 24. Bc1 Ne6 25. Be3 Kf8 26. Rc1 Ke7 27. h4 h6 28. Kf3 b5 29.
Ke2 Kd6 30. b4 Bxe3 31. Nxe3 Rd4 32. Nf5+ Kd5 33. Nxd4 Nxd4+ 34. Kd3 1-0

[Event "*** Titled Tuesday Blitz"]
[Site "Chess.com"]
[Date "2020.04.28"]
[Round "4"]
[White "vaishali2001"]
[Black "Alexchess1984"]
[Result "1/2-1/2"]
[WhiteElo "2489"]
[BlackElo "2670"]
[TimeControl "180+1"]
[EndTime "10:40:02 PDT"]
[Termination "Game drawn by agreement"]

1. Nf3 g6 2. e4 c5 3. c3 Bg7 4. d4 cxd4 5. cxd4 d5 6. e5 a6 7.
h3 Nc6 8. Be2 f6 9. exf6 Nxf6 10. O-O O-O 11. Nc3 Nh5 12. Ne5 Nf4 13. Bf3 Nxe5 14. dxe5 e6 15. Re1 Qh4 16. Bxf4 Qxf4 17. Qe2 Bd7 18. Rad1 Bc6 19. Qd2 Qxd2 20. Rxd2 Rf5 21.
Bg4 Rxe5 22. Bxe6+ Kf8 23. Rxe5 Bxe5 24. Bxd5 Rd8 25.
Re2 Bxc3 26. Bxc6 bxc6 27. bxc3 Rd1+ 28. Kh2 Rd3 29. Re3 Rd2 30. Rf3+ Ke7 31. a4 Ra2 32. Rf4 Ra3 33. Rc4 Kd6 34. Kg3 Kd5 35. Rd4+ Kc5 36. Rd7 Rxc3+ 37. Kg4 Rc2 38. Rxh7 Rxf2 39. g3 Kb4 40. Rc7 c5 41. Kg5 c4 42. Kxg6 Rf3 43.
h4 Rxg3+ 44. Kf5 c3 45. h5 Kxa4 46. h6 Kb3 47. Rb7+ Ka2 48. Ra7 c2 49. Rxa6+ Kb2 50.
Rc6 Rh3 51. Kg6 Rg3+ 52. Kf7 Rf3+ 53. Kg7 Rg3+ 54. Kf7 Rf3+ 55. Kg7 Rc3 56. Rxc3 Kxc3 57. h7 c1=Q 58. h8=Q Qg5+ 59. Kh7+ Kb4 60. Qd4+ Kb5 61. Qd7+ 1/2-1/2

[Event "*** Titled Tuesday Blitz"]
[Site "Chess.com"]
[Date "2020.04.28"]
[Round "4"]
[White "Quiet_Desperation"]
[Black "Azatic"]
[Result "1-0"]
[WhiteElo "1828"]
[BlackElo "2633"]
[TimeControl "180+1"]
[EndTime "10:40:02 PDT"]
[Termination "Quiet_Desperation won by checkmate"]

1. e4 c5 2. d4 cxd4 3. c3 dxc3 4.
Nxc3 Nc6 5. Nf3 d6 6. Bc4 Nf6 7. e5 dxe5 8. Qxd8+ Nxd8 9. Nxe5 Be6 10. Bb5+ Bd7 11.
Nd5 Nc6 12. Bxc6 Nxd5 13. Bxd7+ Kd8 14. Ba4 Kc7 15. Nxf7 Rg8 16. Bb3 e6 17. O-O Bc5 18. Ng5 Rge8 19. Nxe6+ Rxe6 20. Bxd5 Rg6 21. Bf4+ Kb6 22.
a3 Rf8 23. Bg3 Bd4 24. Rad1 Bxb2 25. Rb1 Kc5 26. Rxb2 Kxd5 27. Rxb7 Ra8 28. Rd1+ Kc6 29. Rc7+ Kb6 30. Rb1+ Ka5 31. Rc5+ Ka4 32. Rc4+ Kxa3 33.
Rcb4 Rc6 34. R4b3+ Ka4 35. h4 Rac8 36. Rb4+ Ka5 37.
Kh2 h5 38. Bf4 Rc3 39. Bd2 Rc2 40. Be1 Ka6 41. Ra4# 1-0

[Event "*** Titled Tuesday Blitz"]
[Site "Chess.com"]
[Date "2020.04.28"]
[Round "4"]
[White "AlexTriapishko"]
[Black "Vesper2018"]
[Result "1-0"]
[WhiteElo "2753"]
[BlackElo "2072"]
[TimeControl "180+1"]
[EndTime "10:40:03 PDT"]
[Termination "AlexTriapishko won by resignation"]

1. Nf3 Nf6 2. g3 g6 3. Bg2 Bg7 4. b3 O-O 5. Bb2 d6 6. d4 e5 7.
dxe5 Ng4 8. O-O Nc6 9. Nc3 Ngxe5 10. Nxe5 Bxe5 11. Qd2 Be6 12. Rad1 Qd7 13. f4 Bg7 14. e4 Rad8 15. Na4 Bxb2 16. Nxb2 Bg4 17. Rde1 Bh3 18. Nc4 Bxg2 19. Qxg2 f6 20. Ne3 Qf7 21. Nd5 Rd7 22. Qd2 Ne7 23. c4 c6 24. Ne3 Rfd8 25. Ng4 Kh8 26.
Qc3 Ng8 27. e5 dxe5 28. fxe5 Rd3 29. Qa1 f5 30. e6+ Qg7 31. Ne5 Qf6 32. Nxd3 Qxa1 33.
Rxa1 Rxd3 34. Rad1 Re3 35. Rfe1 Rxe1+ 36. Rxe1 Ne7 37.
Rd1 Kg7 38. Rd7 Kf6 39. Rxb7 Kxe6 40. Rxa7 1-0

[Event "*** Titled Tuesday Blitz"]
[Site "Chess.com"]
[Date "2020.04.28"]
[Round "4"]
[White "MishkaFighter"]
[Black "CalinGheorghiu"]
[Result "1-0"]
[WhiteElo "2602"]
[BlackElo "2327"]
[TimeControl "180+1"]
[EndTime "10:40:03 PDT"]
[Termination "MishkaFighter won by resignation"]

1. Nf3 d5 2. g3 Nf6 3. Bg2 e6 4. O-O Be7 5. c4 O-O 6. d4 dxc4 7. Ne5 Nc6 8. Bxc6 bxc6 9. Nxc6 Qe8 10. Nxe7+ Qxe7 11.
Qa4 e5 12. dxe5 Qxe5 13. Qxc4 Be6 14. Qc2 Bh3 15. Rd1 Rad8 16. Nc3 Rxd1+ 17. Qxd1 Ne4 18. Bf4 Qe6 19. Nxe4 Qxe4 20. f3 Qb4 21. Qb3 Qe7 22.
e4 g5 23. Be3 g4 24. Bh6 Rd8 25. Qc3 f6 26. Re1 gxf3 27. Qxf3 Qc5+ 28. Be3 Qc2 29.
g4 Rd3 30. Qxh3 Qxb2 31. g5 fxg5 32. Qe6+ Kh8 33. Rf1 Kg7 34. Rf7+ 1-0

[Event "*** Titled Tuesday Blitz"]
[Site "Chess.com"]
[Date "2020.04.28"]
[Round "4"]
[White "Olga_Zhuravleva"]
[Black "Hanging_pointer"]
[Result "0-1"]
[WhiteElo "2236"]
[BlackElo "2583"]
[TimeControl "180+1"]
[EndTime "10:40:03 PDT"]
[Termination "Hanging_pointer won by resignation"]

1. e4 c6 2. Nf3 d5 3. Nc3 Bg4 4. h3 Bxf3 5. Qxf3 dxe4 6. Nxe4 Nd7 7. d4 Ngf6 8. Nxf6+ Nxf6 9. c3 e6 10. Bd3 Bd6 11. O-O O-O 12. Bc2 Qc7 13. Bg5 Be7 14.
Bf4 Qb6 15. Rab1 Nd5 16. Bd2 Bf6 17. Rfe1 Rfe8 18. b3 c5 19. dxc5 Qxc5 20. c4 Bd4 21.
Re2 Rad8 22. Rbe1 Nf6 23. Bc1 Rd7 24. Bd2 Red8 25. Bf4 a6 26. Bg3 b5 27. cxb5 axb5 28. Bb1 b4 29. Bh4 Bc3 30. Rf1 h6 31. Bxf6 Bxf6 32. Qe4 g6 33. Rc2 Bc3 34. Rcc1 Kg7 35. Qc4 Qg5 36. a3 Bb2 37. axb4 Bxc1 38. Rxc1 Rd1+ 39. Rxd1 Rxd1+ 40. Kh2 Rxb1 41. Qc3+ Qf6 0-1

[Event "*** Titled Tuesday Blitz"]
[Site "Chess.com"]
[Date "2020.04.28"]
[Round "4"]
[White "Diego_FloresQ"]
[Black "Fy_Rakotomaharo"]
[Result "0-1"]
[WhiteElo "2414"]
[BlackElo "2641"]
[TimeControl "180+1"]
[EndTime "10:40:04 PDT"]
[Termination "Fy_Rakotomaharo won by resignation"]

1. e4 c5 2. Nf3 d6 3. d4 cxd4 4. Nxd4 Nf6 5. Nc3 a6 6. Bg5 e6 7. Qe2 Be7 8. f4 h6 9. Bh4 Nxe4 10. Bxe7 Nxc3 11. Qc4 Kxe7 12. Qxc3 Re8 13. O-O-O Kf8 14. Nf3 Nc6 15. Qa3 Kg8 16. Qxd6 Qf6 17. Be2 e5 18. Qxf6 gxf6 19. fxe5 fxe5 20. Rhf1 Be6 21. Kb1 Nb4 22.
a3 Nd5 23. Rd2 Ne3 24. Re1 f6 25. Bd3 Nc4 26. Bxc4 Bxc4 27. Rd7 Rad8 28. Rxd8 Rxd8 29.
Kc1 Kf7 30. g3 Ke6 31. Rd1 Rc8 32. Rd2 Bd5 33. Ng1 h5 34. Kd1 h4 35. gxh4 Rh8 36. Ke1 Rxh4 37. h3 f5 38. Kf2 f4 39. b3 e4 40. Rd4 Ke5 41. Rb4 Rh6 42. c4 Bc6 43. Rb6 Rg6 44. b4 e3+ 45. Kf1 Bg2+ 46. Ke2 Rxb6 0-1

[Event "*** Titled Tuesday Blitz"]
[Site "Chess.com"]
[Date "2020.04.28"]
[Round "4"]
[White "DanielTitichoca"]
[Black "GMMatamoros"]
[Result "0-1"]
[WhiteElo "2317"]
[BlackElo "2530"]
[TimeControl "180+1"]
[EndTime "10:40:04 PDT"]
[Termination "GMMatamoros won by resignation"]

1. e4 c5 2. Nf3 Nc6 3. d4 cxd4 4. Nxd4 e5 5. Nb5 d6 6. N1c3 a6 7. Na3 Be7 8. Nd5 Nf6 9. Nxe7 Qxe7 10. Bg5 O-O 11.
Nc4 h6 12. Bxf6 Qxf6 13. Qxd6 Be6 14. c3 Rfd8 15. Qc5 Rac8 16. Qe3 Nd4 17. cxd4 exd4 18. Qg3 Bxc4 19. Bxc4 Rxc4 20. O-O d3 21. Rfd1 d2 22. e5 Qb6 23. Qb3 Rb4 24. Qa3 Rxb2 25. Qe7 Rc2 26. h4 Rcc8 27. Rab1 Qc6 28. Qxb7 Qxb7 29. Rxb7 Rc1 30.
Rb1 Rxb1 31. Rxb1 d1=Q+ 32. Rxd1 Rxd1+ 33. Kh2 Rd2 0-1